 Dungeon Crawl Stone Soup version 0.27.1-4-g1640c2035a (webtiles) character file.

Game seed: 13389882849526940086

133 zeram the Sneak (level 5, -3/31 HPs)
             Began as an Octopode Enchanter on Nov 15, 2021.
             Slain by Grinder (8 damage)
             ... on level 3 of the Dungeon.
             The game lasted 00:05:04 (3152 turns).

zeram the Sneak (Octopode Enchanter)                Turns: 3152, Time: 00:05:05

Health: -3/31      AC:  1    Str:  7    XL:     5   Next: 16%
Magic:  8/8        EV: 12    Int: 19    God:
Gold:   54         SH:  3    Dex: 12    Spells: 7/8 levels left

rFire    . . .     SeeInvis .   a - +2 dagger
rCold    . . .     Faith    .   d - +0 buckler
rNeg     . . .     Spirit   .   (helmet restricted)
rPois    .         Reflect  .   (no amulet)
rElec    .         Harm     .   (no ring)
rCorr    .         Rampage  .   (no ring)
Will     .....                  (no ring)
Stlth    ++++......             (no ring)
HPRegen  0.10/turn              (no ring)
MPRegen  0.11/turn              (no ring)
                                (no ring)
                                (no ring)

@: mighty
A: almost no armour, amphibious, 8 rings, camouflage 1, gelatinous body 1,
(nimble swimmer 1), tentacles
a: no special abilities


You were on level 3 of the Dungeon.
You visited 1 branch of the dungeon, and saw 3 of its levels.
You also visited: Sewer.

You collected 54 gold pieces.

Inventory:

Hand Weapons
 a - a +2 dagger (weapon)
Armour
 d - a +0 buckler (worn)
Scrolls
 b - a scroll of identify {unknown}
 f - 2 scrolls of blinking {unknown}
 j - a scroll of enchant weapon
 k - 3 scrolls of teleportation {unknown}
 l - a scroll of enchant armour {unknown}
 m - a scroll of magic mapping {unknown}
Potions
 c - a potion of heal wounds {unknown}
 e - a potion of magic {unknown}
 h - a potion of flight {unknown}
 i - a potion of brilliance {unknown}
 n - a potion of haste


   Skills:
 - Level 0.2 Fighting
 + Level 1.7 Short Blades
 + Level 2.6 Dodging
 + Level 6.0 Stealth
 + Level 0.5 Shields
 - Level 2.3 Spellcasting
 - Level 3.5 Hexes


You had 7 spell levels left.
You knew the following spells:

 Your Spells              Type           Power      Damage    Failure   Level
a - Corona                Hex            16%        N/A       6%          1

Your spell library contained the following spells:

 Spells                   Type           Power      Damage    Failure   Level
 Ensorcelled Hibernation  Hex/Ice        16%        N/A       19%         2
 Confusing Touch          Hex            15%        N/A       19%         3
 Tukima's Dance           Hex            15%        N/A       19%         3
 Dazzling Flash           Conj/Hex       16%        N/A       36%         3


Dungeon Overview and Level Annotations

Branches:
Dungeon (3/15)              Sewer (visited)

Altars:

Shops:
D:1 [   D:3 [

Annotations:
D:3 Grinder


Innate Abilities, Weirdness & Mutations

You cannot wear most types of armour.
You are amphibious.
You can wear up to eight rings at the same time.
Your skin changes colour to match your surroundings (Stealth+).
Your rubbery body absorbs attacks. (AC +1, EV +1)
((You are camouflaged near water. (Stealth+)))
You have tentacles for arms and can constrict up to eight enemies at once.


Message History

You hit the dart slug but do no damage. You squeeze the dart slug.
The dart slug is heavily wounded.
You constrict the dart slug. The dart slug bites you.
You hit the dart slug. You squeeze the dart slug.
You kill the dart slug!
No target in view!
Found a stone staircase leading up.
You see here a +0 helmet.
HP restored.
A kobold comes into view. It is wielding a +0 dagger.
Found a dagger.
Grinder comes into view.
Found 17 stones.
The helpless Grinder fails to defend herself.
You impale Grinder!! Your grab misses Grinder.
Grinder is severely wounded.
Grinder hits you.
You writhe in agony.
The kobold shouts!
You hit Grinder but do no damage. You grab Grinder. You squeeze Grinder.
Grinder is severely wounded.
You constrict Grinder, but do no damage.
Grinder gestures at you. Pain shoots through your body!
The kobold hits you with a +0 dagger.
You are too injured to fight recklessly!
You are too injured to fight recklessly!
You are too injured to fight recklessly!
You feel very mighty all of a sudden.
You constrict Grinder. The kobold hits you with a +0 dagger.
Grinder says, "I used to sell toenails on the black market."
Grinder drinks a potion.
Grinder seems to speed up.
You hit Grinder.
Grinder is severely wounded.
You constrict Grinder, but do no damage.
Grinder says, "DUCK!"
Grinder hits you.
* * * LOW HITPOINT WARNING * * *
You writhe in agony.
* * * LOW HITPOINT WARNING * * *
The kobold completely misses you. Grinder hits you!
You die...

#.##.# #.# ##.##.#
#.# ...##.# #.# ####
.# #.# .# #.########
#######........#
#...............
######.############.#
#.....@.# #.#
#.....K5# ###.###
.........# #......
##.......# #.#.###
#.......# #.#.#
#..)....# ##.#.#
#.......# ##.#..#
.....####
#####.###.## #.#
#<...## ##.#


You could see Grinder (fast) and a kobold.

Vanquished Creatures
  Jessica (D:2)
  4 adders
  3 river rats (Sewer)
  A dart slug (D:3)
  5 endoplasms
  2 giant cockroaches (D:3)
  2 goblins
  2 hobgoblins
  4 quokkas
  6 ball pythons
  3 bats
  7 frilled lizards
  A kobold (D:3)
  7 rats
48 creatures vanquished.

Vanquished Creatures (others)
  A plant (D:2)
1 creature vanquished.

Grand Total: 49 creatures vanquished

Notes
Turn   | Place    | Note
-------+----------+-------------------------------------------
     0 | D:1      | zeram the Octopode Enchanter began the quest for the Orb.
     0 | D:1      | Reached XP level 1. HP: 11/11 MP: 3/3
   181 | D:1      | Found a faded altar of an unknown god.
   329 | D:1      | Found Qamebiu's Antique Armour Boutique.
   381 | D:1      | Reached XP level 2. HP: 13/17 MP: 5/5
   570 | D:1      | You fall into a shaft and drop 1 floor!
   638 | D:2      | Noticed Jessica
   654 | D:2      | Killed Jessica
   655 | D:2      | Reached XP level 3. HP: 6/21 MP: 6/6
  1011 | D:2      | HP: 1/21 [quokka (4)]
  1935 | D:3      | Reached skill level 5 in Stealth
  1955 | D:3      | Found Piskaff's Antique Armour Shoppe.
  2142 | D:3      | Reached XP level 4. HP: 10/27 MP: 7/7
  2500 | D:3      | Found a glowing drain.
  2521 | Sewer    | Entered a sewer
  2765 | Sewer    | Reached XP level 5. HP: 31/31 MP: 8/8
  2904 | Sewer    | Reached skill level 6 in Stealth
  3147 | D:3      | Noticed Grinder
  3152 | D:3      | Slain by Grinder

Illustrated notes

Levels and vault maps discovered:
D:1:      scummos_arrival_simple_crosswalls, layout_loops_ring,
          shapermc_ecumenical_altar_acropolis, serial_shops,
          nicolae_shop_temple_entry_statues_fountains
D:2:      cheibrodos_old_hovel, layout_rooms, serial_aquarium,
          aquarium_bridge_straight [aquarium_subvault_bridge,
          aquarium_subvault_window, aquarium_subvault_bridge,
          aquarium_subvault_wall], aquarium_bridge_long_separate
          [aquarium_subvault_bridge, aquarium_subvault_balcony,
          aquarium_subvault_bridge, aquarium_subvault_window,
          aquarium_subvault_balcony, aquarium_subvault_bridge],
          aquarium_window_fake, aquarium_window_2, aquarium_window_corridor_2,
          aquarium_view_2f, uniq_jessica
D:3:      layout_loops_ring, mainiacjoe_overflow_alcove_2, serial_shops, shop,
          portal_sewer_entry_a, uniq_grinder

Skill      XL: |  1  2  3  4  5 |
---------------+----------------+-----
Stealth        | 5 6 |  6.0
Fighting       | |  0.2
Short Blades   | |  1.7
Dodging        | |  2.6
Shields        | |  0.5
Spellcasting   | |  2.3
Hexes          | |  3.5

Action                   |  1- 3 |  4- 6 || total
-------------------------+-------+-------++-------
Melee: Dagger            |    71 |    48 ||   119
       Constrict         |    14 |    10 ||    24
       Tentacles         |    13 |     7 ||    20
  Use: Scroll            |     3 |       ||     3
       Potion            |       |     1 ||     1
 Stab: Sleeping          |     1 |    10 ||    11
Armor: Skin              |     3 |       ||     3
Dodge: Dodged            |    36 |    20 ||    56
Block: Buckler           |     8 |     2 ||    10
